 Dungeon Crawl Stone Soup version 0.27-a0-1137-g3ef0f4ec91 (webtiles) character file.

Game seed: 7586025966245681082

20 jasper the Charlatan (level 2, -1/21 HPs)
             Began as a Demonspawn Artificer on May 6, 2021.
             Succumbed to an adder's poison
             ... on level 2 of the Dungeon on May 7, 2021.
             The game lasted 00:01:18 (911 turns).

jasper the Charlatan (Demonspawn Artificer)          Turns: 911, Time: 00:01:18

Health: -1/21      AC:  3    Str: 12    XL:     2   Next: 58%
Magic:  2/2        EV: 25    Int: 12    God:
Gold:   17         SH:  3    Dex: 13    Spells: 1/1 levels left

rFire    . . .     SeeInvis .   g - +0 short sword (venom)
rCold    . . .     Faith    .   h - +0 buckler
rNeg     . . .     Spirit   .   b - +0 leather armour
rPois    .         Reflect  .   (no helmet)
rElec    .         Harm     .   (no cloak)
rCorr    .         Rampage  .   (no gloves)
Will     .....                  (no boots)
Stlth    +.........             i - amulet of the acrobat
HPRegen  0.07/turn              (no ring)
MPRegen  0.08/turn              (no ring)

@: lethally poisoned (-1 -> -7), acrobatic
A: talons 1
a: no special abilities


You were on level 2 of the Dungeon.
You visited 1 branch of the dungeon, and saw 2 of its levels.

You collected 17 gold pieces.

Inventory:

Hand Weapons
 a - a +0 club
 g - a +0 short sword of venom (weapon)
Missiles
 f - 59 stones
Armour
 b - a +0 leather armour (worn)
 h - a +0 buckler (worn)
Jewellery
 i - an amulet of the acrobat (around neck)
Wands
 d - a wand of charming (15)
Scrolls
 j - a scroll of brand weapon {unknown}
Miscellaneous
 e - a piece from Xom's chessboard (15/15)


   Skills:
 - Level 1.0 Fighting
 - Level 1.7 Armour
 - Level 0.8 Dodging
 - Level 0.8 Stealth
 + Level 2.1 Unarmed Combat
 - Level 3.0 Evocations


You had one spell level left.
You didn't know any spells.
Your spell library contained the following spells:

 Spells                   Type           Power      Damage    Failure   Level
 Magic Dart               Conj           0%         1d3       56%         1
 Blink                    Tloc           N/A        N/A       71%         2
 Call Imp                 Summ           0%         N/A       71%         2
 Slow                     Hex            0%         N/A       71%         2
 Conjure Flame            Conj/Fire      0%         6-21      91%         3
 Mephitic Cloud           Conj/Pois/Air  0%         N/A       91%         3


Dungeon Overview and Level Annotations

Branches:
Dungeon (2/15)

Altars:


Innate Abilities, Weirdness & Mutations

You have sharp toenails.


Message History

A kobold comes into view. It is wielding a +0 short sword.
Found a stone staircase leading down.
The kobold shouts!
The kobold closely misses you.
You hit the kobold.
The kobold is poisoned.
The kobold is severely wounded.
You kill the kobold!
Things that are here:
a +0 short sword; a kobold corpse
Found 24 sling bullets.
A goblin comes into view. It is wielding a +0 club.
An adder comes into view.
The goblin misses you.
The adder hisses angrily.
Found an escape hatch in the ceiling.
The adder bites you but does no damage.
You barely miss the adder. Your kick misses the adder. The adder bites you.
You are poisoned.
The adder poisons you!
You take 2 damage, and have 19/21 hp.
You closely miss the adder.
You feel sick. The adder bites you but does no damage. The adder bites you.
You take 6 damage, and have 13/21 hp.
MASSIVE DAMAGE!!
You hit the adder but do no damage. Your kick misses the adder.
You feel sick. The adder barely misses you. x2
You take 2 damage, and have 11/21 hp.
You hit the adder.
The adder is poisoned.
You claw the adder.
The adder is heavily wounded.
You feel sick. The adder bites you.
You are lethally poisoned!
The adder poisons you!
You take 4 damage, and have 7/21 hp.
* * * LOW HITPOINT WARNING * * *
You feel sick.
You take 1 damage, and have 6/21 hp.
* * * LOW HITPOINT WARNING * * *
You feel sick. The adder bites you.
* * * LOW HITPOINT WARNING * * *
You take 5 damage, and have 1/21 hp.
MASSIVE DAMAGE!!
You die...

#. #.# #.# #.# #.# ####
# #.# #.#######...
.##.###.#.........
....##....####.## #
#..##....####.#
#...#####..#...(...##.##
.......@.Sg............#
##.######.##...........)
...##............
#.................
#............>....
#...#.....##......
#...##...###.#...#
....###.## #.##.## #< ..
. #.


You could see an adder (very poisoned) and a goblin.

Vanquished Creatures
  4 ball pythons
  2 endoplasms
  A giant cockroach (D:1)
  A hobgoblin (D:1)
  2 kobolds
  A quokka (D:2)
  2 bats (D:1)
  2 frilled lizards (D:1)
  2 goblins (D:2)
  A rat (D:2)
18 creatures vanquished.

Notes
Turn   | Place    | Note
-------+----------+-------------------------------------------
     0 | D:1      | jasper the Demonspawn Artificer began the quest for the
                  | Orb.
     0 | D:1      | Reached XP level 1. HP: 15/15 MP: 1/1
   135 | D:1      | Reached skill level 1 in Unarmed Combat
   342 | D:1      | Gained mutation: You have sharp toenails. [demonic
                  | ancestry]
   342 | D:1      | Reached XP level 2. HP: 14/21 MP: 2/2
   910 | D:2      | HP: 1/21 [adder (4)]
   911 | D:2      | Succumbed to an adder's poison

Illustrated notes

Levels and vault maps discovered:
D:1:      amcnicky_arrival_feature_with_door, layout_loops_ring,
          serial_bayou_pond_d
D:2:      layout_loops_ring

Skill      XL: |  1  2 |
---------------+-------+-----
Unarmed Combat | 1 2 |  2.1
Fighting       | |  1.0
Armour         | |  1.7
Dodging        | |  0.8
Stealth        | |  0.8
Evocations     | |  3.0

Action                   || total
-------------------------++-------
Melee: Short sword       ||    12
       Club              ||     3
       Kick              ||     1
Evoke: Wand              ||    15
Armor: Leather armour    ||     3
Dodge: Dodged            ||     9
Block: Buckler           ||     2

Table legend: (Time is in decaauts)
 A = Elapsed time spent in this place.
 B = Non-inter-level travel time spent in this place.
 C = Inter-level travel time spent in this place.
 D = Time resting spent in this place.
 E = Time spent auto-exploring this place.
 F = Levels seen in this place.
 G = Mean time per level.
                   A        B        C        D        E       F      G
               +--------+--------+--------+--------+--------+-----+--------+
         Total |    913 |    890 |     23 |      0 |    777 |   2 |  456.5 |
       Dungeon |    913 |    890 |     23 |      0 |    777 |   2 |  456.5 |
               +--------+--------+--------+--------+--------+-----+--------+

Top non-repeatable levels by time:
     D:1: 769 daAuts
     D:2: 143 daAuts
